 Dungeon Crawl Stone Soup version 0.29.1-14-g9c671dbff4 (webtiles) character file.

Game seed: 6482229373942280148

359 Descartes the Digger (level 6, -2/36 HPs)
             Began as a Gargoyle Earth Elementalist on Feb 15, 2023.
             Slain by an iguana (9 damage)
             ... on level 4 of the Dungeon.
             The game lasted 00:08:08 (2940 turns).

Descartes the Digger (Gargoyle Earth Elementalist)  Turns: 2940, Time: 00:08:08

Health: -2/36      AC:  6    Str: 11    XL:     6   Next: 65%
Magic:  5/10       EV: 12    Int: 18    God:
Gold:   156        SH:  0    Dex: 10    Spells: 9/10 levels left

rFire   . . .      SeeInvis .   n - +1 rapier (venom)
rCold   . . .      Faith    .   (no shield)
rNeg    + . .      Spirit   .   a - +0 robe
rPois   ∞          Reflect  .   (no helmet)
rElec   +          Harm     .   (no cloak)
rCorr   .          Rampage  .   (no gloves)
Will    .....                   (no boots)
Stlth   ++........              (no amulet)
HPRegen 0.12/turn               (no ring)
MPRegen 0.12/turn               (no ring)

@: no status effects
A: sickness immunity, AC +4, negative energy resistance 1, electricity
resistance, torment resistance 1, petrification resistance
a: no special abilities


You were on level 4 of the Dungeon.
You visited 1 branch of the dungeon, and saw 4 of its levels.

You collected 156 gold pieces.

Inventory:

Hand Weapons
 j - a +4 dagger
 n - a +1 rapier of venom (weapon)
Armour
 a - a +0 robe (worn)
 g - a +0 kite shield
Jewellery
 t - an amulet of faith
Wands
 l - a wand of polymorph (8)
Scrolls
 c - a scroll of blinking {unknown}
 k - 2 scrolls of identify {unknown}
 m - a scroll of enchant armour {unknown}
 o - a scroll of vulnerability {unknown}
 q - a scroll of teleportation {unknown}
 w - a scroll of summoning {unknown}
 x - a scroll of amnesia {unknown}
 y - a scroll of enchant weapon {unknown}
Potions
 b - a potion of magic
 d - a potion of flight {unknown}
 e - 2 potions of attraction {unknown}
 f - 2 potions of heal wounds {unknown}
 h - a potion of brilliance {unknown}
 i - 4 potions of curing {unknown}
 p - a potion of lignification {unknown}
 r - a potion of cancellation {unknown}
 s - 2 potions of haste {unknown}
 u - a potion of might {unknown}
 v - a potion of degeneration {unknown}


   Skills:
 + Level 2.3 Fighting
 + Level 2.5 Dodging
 - Level 2.1 Stealth
 * Level 2.6 Shields
 + Level 2.8 Spellcasting
 + Level 1.9 Conjurations
 + Level 1.7 Transmutations
 + Level 4.4 Earth Magic
 + Level 1.5 Evocations


You had 9 spell levels left.
You knew the following spells:

 Your Spells              Type           Power      Damage    Failure   Level
a - Sandblast             Erth           36%        2d10      2%          1

Your spell library contained the following spells:

 Spells                   Type           Power      Damage    Failure   Level
 Passwall                 Tmut/Erth      10%        N/A       7%          2
 Magic Dart               Conj           36%        1d4       8%          1
 Searing Ray              Conj           18%        2d5       11%         2
 Stone Arrow              Conj/Erth      28%        3d8       13%         3
 Petrify                  Tmut/Erth      13%        N/A       41%         4
 Fulminant Prism          Conj/Hex       3%         3d6       73%         4


Dungeon Overview and Level Annotations

Branches:
Dungeon (4/15)
 Temple: D:4-7

Altars:

Shops:
D:2 :   D:4 :


Innate Abilities, Weirdness & Mutations

You are immune to sickness and miasma.
Your stone body is resilient. (AC +4)
You are immune to poison.
You resist negative energy. (rN+)
You are resistant to electric shocks. (rElec)
You are resistant to unholy torment.
You are immune to petrification.


Message History

Aiming: Sandblast (safe; 2% risk of failure)
Press: ? - help, Shift-Dir - straight line, f - iguana
Aim: an iguana (wandering, hasn't noticed you, 84% to hit)
The blast of sand misses the iguana.
The iguana hisses angrily.
Casting: Sandblast (safe; 2% risk of failure)
Confirm with . or Enter, or press ? or * to list all spells.
Aiming: Sandblast (safe; 2% risk of failure)
Press: ? - help, Shift-Dir - straight line, f/p - iguana
Aim: an iguana (84% to hit)
The blast of sand hits the iguana.
The iguana is lightly wounded.
The iguana bites you.
Casting: Sandblast (safe; 2% risk of failure)
Confirm with . or Enter, or press ? or * to list all spells.
Aiming: Sandblast (safe; 2% risk of failure)
Press: ? - help, Shift-Dir - straight line, f/p - iguana
Aim: an iguana (lightly wounded, 84% to hit)
The blast of sand hits the iguana.
The iguana is moderately wounded.
The iguana bites you. x2
Casting: Sandblast (safe; 2% risk of failure)
Confirm with . or Enter, or press ? or * to list all spells.
Aiming: Sandblast (safe; 2% risk of failure)
Press: ? - help, Shift-Dir - straight line, f/p - iguana
Aim: an iguana (moderately wounded, 84% to hit)
The blast of sand hits the iguana but does no damage.
The iguana is moderately wounded.
The iguana bites you!
Casting: Sandblast (safe; 2% risk of failure)
Confirm with . or Enter, or press ? or * to list all spells.
Aiming: Sandblast (safe; 2% risk of failure)
Press: ? - help, Shift-Dir - straight line, f/p - iguana
Aim: an iguana (moderately wounded, 84% to hit)
The blast of sand hits the iguana but does no damage.
The iguana is moderately wounded.
The iguana bites you!
* * * LOW HITPOINT WARNING * * *
The iguana bites you!
You die...

###...# #...# #..#
#.#.## #..# #)#).#
#..# ######.#..#
#..# .......#..##
#..# #########..#
#..#
........##.#####..#
.######'##>...))@.#
<....#.....######l#
####.#.†...# .#
.....#.....# .#
####.#.....# <.
######.....# ..
........#### .##
######### .# .


You could see an iguana.

Vanquished Creatures
  An ogre (D:4)
  An orc priest (D:4)
  An iguana (D:4)
  2 orc wizards (D:4)
  3 gnolls (D:2)
  4 adders
  A dart slug (D:4)
  12 orcs
  13 ball pythons
  7 endoplasms
  5 giant cockroaches
  8 goblins
  7 hobgoblins
  5 kobolds
  2 quokkas
  9 bats
  3 frilled lizards
  4 rats
88 creatures vanquished.

Notes
Turn   | Place    | Note
-------+----------+-------------------------------------------
     0 | D:1      | Descartes the Gargoyle Earth Elementalist began the quest
                  | for the Orb.
     0 | D:1      | Reached XP level 1. HP: 10/10 MP: 3/3
   105 | D:1      | Reached XP level 2. HP: 16/16 MP: 1/5
   258 | D:1      | Reached skill level 1 in Transmutations
   451 | D:1      | Reached XP level 3. HP: 20/20 MP: 3/6
   765 | D:2      | Reached skill level 1 in Fighting
   774 | D:2      | Reached skill level 1 in Conjurations
   774 | D:2      | Reached XP level 4. HP: 21/25 MP: 0/7
   859 | D:2      | Reached skill level 1 in Shields
   887 | D:2      | Reached skill level 4 in Earth Magic
   943 | D:2      | Found a faded altar of an unknown god.
   953 | D:2      | Reached skill level 1 in Evocations
  1162 | D:2      | Found Jigaf's Book Boutique.
  1599 | D:3      | Reached XP level 5. HP: 21/29 MP: 0/8
  2364 | D:4      | Found Tyeriere's Book Emporium.
  2564 | D:4      | Reached XP level 6. HP: 31/35 MP: 0/10
  2940 | D:4      | Slain by an iguana

Illustrated notes

Levels and vault maps discovered:
D:1:      matt_arrival_los_fun, layout_rooms, dreamdust_mushroom_princess
D:2:      layout_rooms, nicolae_ecumenical_snake_handling, serial_shops,
          nicolae_lakefront_shop
D:3:      layout_basic
D:4:      layout_basic, serial_shops, nicolae_shop_window_shopping, uniq_robin

Skill      XL: |  1  2  3  4  5 |
---------------+----------------+-----
Transmutations | 1 |  1.7
Fighting       | 1 2 |  2.3
Conjurations   | 1 |  1.9
Shields        | 1 2 |  2.6
Earth Magic    | 4 |  4.4
Dodging        | 2 |  2.5
Evocations     | 1 |  1.5
Stealth        | |  2.1
Spellcasting   | |  2.8

Action                   |  1- 3 |  4- 6 || total
-------------------------+-------+-------++-------
Melee: Unarmed           |     5 |       ||     5
       Rapier            |       |    22 ||    22
 Cast: Sandblast         |    39 |    94 ||   133
Armor: Robe              |     8 |    15 ||    23
Dodge: Dodged            |     3 |    40 ||    43
